[Event "Titled Tuesday Blitz August 15 Early 2023"]
[White "White, John S."]
[Black "Lehtosaari, Mauri"]
[WhiteFideId "2502348"]
[BlackFideId "501999"]
[WhiteElo "2007"]
[BlackElo "2518"]
[Result "1/2-1/2"]
[Round "1"]
[TimeControl "180+1"]
[Date "2023.08.15"]
[WhiteClock "0:00:03"]
[BlackClock "0:00:01"]
[Board "231"]

1. e4 d5 2. exd5 Qxd5 3. Nc3 Qd8 4. d4 Nf6 5. Nf3 Bg4 6. Be2 e6 7. O-O c6 8. Re1 Be7 9. h3 Bxf3 10. Bxf3 O-O 11. Be3 Nbd7 12. Qd2 Nd5 13. Ne4 Nxe3 14. fxe3 Nf6 15. a3 Rc8 16. c4 a6 17. b4 Nxe4 18. Bxe4 g6 19. Rad1 Bf6 20. Rf1 Bg7 21. Bb1 Qg5 22. e4 Qxd2 23. Rxd2 Rcd8 24. Rfd1 Rd7 25. d5 exd5 26. exd5 cxd5 27. cxd5 Rfd8 28. Ba2 Be5 29. Re2 Bd6 30. Red2 Rc7 31. Kf2 Kg7 32. Kf3 Rdc8 33. Bb3 Re8 34. Rd3 Re5 35. R1d2 Rf5+ 36. Ke2 Re7+ 37. Kd1 Rf1+ 38. Kc2 Ree1 39. Rd1 Rf2+ 40. R1d2 Rf4 41. Rd4 Rf6 42. R4d3 h5 43. Rd1 Re2+ 44. R1d2 Re5 45. Rd4 g5 46. R4d3 Kg6 47. Rd4 Rf1 48. Rd1 Rxd1 49. Rxd1 f5 50. Rd2 f4 51. Kc3 g4 52. hxg4 hxg4 53. Bc2+ Kg5 54. Bb3 f3 55. gxf3 gxf3 56. Kd3 Kf4 57. Kd4 Re4+ 58. Kd3 Re3+ 59. Kc4 Re2 60. Kd3 Re3+ 61. Kc4 b5+ 62. Kd4 Rxb3 63. Rf2 Rxa3 64. Rxf3+ Kg5 65. Rxa3 Bxb4 66. Rxa6 Be1 67. d6 Kf6 68. d7+ Ke7 69. Kc5 b4 70. Ra7 Bf2+ 71. Kxb4 Bxa7 72. d8=Q+ Kxd8 1/2-1/2


[Site "https://www.chess.com"]

[Event "Titled Tuesday Blitz August 15 Early 2023"]
[White "FromTexas54"]
[Black "Samarth J Rao"]
[BlackFideId "46652370"]
[WhiteElo "2516"]
[BlackElo "1978"]
[Result "0-1"]
[Round "1"]
[TimeControl "180+1"]
[Date "2023.08.15"]
[WhiteClock "0:00:49"]
[BlackClock "0:01:40"]
[Board "232"]

1. Nf3 Nf6 2. g3 d5 3. Bg2 e6 4. O-O Be7 5. c4 O-O 6. b3 Nbd7 7. Bb2 c5 8. e3 b6 9. Nc3 Bb7 10. Qe2 dxc4 11. bxc4 Rc8 12. d3 Qc7 13. Ne1 Bxg2 14. Kxg2 Rfd8 15. f4 Qc6+ 16. Kg1 Nf8 17. g4 a6 18. g5 Ne8 19. Ne4 b5 20. cxb5 Qxb5 21. Rf3 c4 22. Bd4 cxd3 23. Nxd3 Nd6 24. Nf6+ Bxf6 25. gxf6 Nf5 26. fxg7 Ng6 27. a4 Qc4 28. Rc1 Nxd4 29. exd4 Qxd4+ 30. Rf2 Qxd3 31. Rxc8 Qb1+ 32. Rf1 Qb6+ 33. Kg2 Rxc8 34. f5 exf5 35. Qd3 Qb2+ 36. Rf2 Nf4+ 0-1


[Site "https://www.chess.com"]

[Event "Titled Tuesday Blitz August 15 Early 2023"]
[White "Zepeda Berlanga, Jan Enrique"]
[Black "Tikhonov, Viacheslav"]
[WhiteFideId "5132355"]
[BlackFideId "44196407"]
[WhiteElo "1964"]
[BlackElo "2516"]
[Result "0-1"]
[Round "1"]
[TimeControl "180+1"]
[Date "2023.08.15"]
[WhiteClock "0:00:23"]
[BlackClock "0:00:25"]
[Board "233"]

1. c4 e6 2. Nf3 d5 3. g3 Nf6 4. d4 Bb4+ 5. Bd2 Be7 6. Nc3 dxc4 7. Bg2 b6 8. Ne5 Nd5 9. O-O Bb7 10. Qa4+ Kf8 11. Qxc4 c6 12. Rfd1 h5 13. h4 g6 14. a3 a5 15. Rac1 Kg7 16. Qd3 Nd7 17. Nxd5 Nxe5 18. dxe5 cxd5 19. e4 dxe4 20. Bxe4 Qxd3 21. Bxd3 Bf3 22. Re1 Rhd8 23. Rc3 Rac8 24. Rec1 Rxc3 25. Rxc3 Bc5 26. Bg5 Rd5 27. Bc4 Rd1+ 28. Bf1 Be2 29. Rc1 Rxc1 30. Bxc1 Bxf1 31. Kxf1 Bd4 32. f4 a4 33. Ke2 b5 34. Kf3 Kf8 35. Ke4 Bf2 36. Kf3 Be1 37. Be3 Ke8 38. g4 Bxh4 39. gxh5 gxh5 40. Bc5 Bd8 41. Ke4 Kd7 42. f5 exf5+ 43. Kxf5 Kc6 44. Bb4 Kd5 45. Bc3 h4 46. Kg4 Ke4 47. Kh3 Kf3 48. Kh2 Kg4 49. Bd4 Bc7 50. Bc3 Kf5 51. Kh3 Bxe5 52. Bxe5 Kxe5 53. Kxh4 f5 54. Kg3 Ke4 55. Kf2 Kf4 56. Ke2 Kg3 57. Kf1 Kf3 58. Kg1 Ke2 59. Kg2 f4 60. Kh1 f3 61. Kh2 f2 62. b3 f1=Q 0-1


[Site "https://www.chess.com"]

[Event "Titled Tuesday Blitz August 15 Early 2023"]
[White "Mickiewicz, Piotr"]
[Black "Navyblue1"]
[WhiteFideId "1114891"]
[WhiteElo "2514"]
[BlackElo "1963"]
[Result "1-0"]
[Round "1"]
[TimeControl "180+1"]
[Date "2023.08.15"]
[WhiteClock "0:01:08"]
[BlackClock "0:00:05"]
[Board "234"]

1. d4 Nf6 2. c4 g6 3. Nc3 Bg7 4. e4 d6 5. Be2 O-O 6. Bg5 c5 7. d5 e6 8. Nf3 exd5 9. cxd5 Qa5 10. Nd2 Re8 11. O-O Nbd7 12. Nc4 Qa6 13. f3 b5 14. Na3 Qb6 15. Naxb5 c4+ 16. Kh1 Ba6 17. Bxc4 Rec8 18. Be2 Ne8 19. a4 Bxb5 20. Bxb5 Nb8 21. Qd3 a6 22. Bxe8 Bxc3 23. Bxf7+ Kxf7 24. bxc3 Qc7 25. Bd2 Nd7 26. f4 Qc4 27. Qh3 Nf8 28. f5 Re8 29. fxg6+ Kxg6 30. Qh6# 1-0


[Site "https://www.chess.com"]

[Event "Titled Tuesday Blitz August 15 Early 2023"]
[White "Skiadopoulos, Nikolaos"]
[Black "Rodchenkov, Sergey D."]
[WhiteFideId "4200772"]
[BlackFideId "4168712"]
[WhiteElo "1881"]
[BlackElo "2511"]
[Result "0-1"]
[Round "1"]
[TimeControl "180+1"]
[Date "2023.08.15"]
[WhiteClock "0:00:09"]
[BlackClock "0:00:45"]
[Board "235"]

1. e4 c5 2. b4 cxb4 3. a3 e5 4. axb4 Bxb4 5. Nf3 Nf6 6. Bd3 Nc6 7. c3 Be7 8. Bc2 O-O 9. O-O d5 10. exd5 Qxd5 11. Bb3 Qd3 12. Bc2 Qd8 13. Re1 Bg4 14. h3 Bh5 15. g4 Bg6 16. Bxg6 fxg6 17. Qb3+ Kh8 18. Qxb7 Qd6 19. Ba3 Qd5 20. Bxe7 Qxf3 21. Bxf8 Rxf8 22. Re3 Qd1+ 23. Kg2 Ne4 24. f3 Ng5 25. Qxc6 h5 26. d4 e4 27. Qa4 exf3+ 28. Kf2 Nxh3+ 29. Kg3 Qg1+ 30. Kh4 Qxg4# 0-1


[Site "https://www.chess.com"]

[Event "Titled Tuesday Blitz August 15 Early 2023"]
[White "Rengifo Blancas, Renzo Jhonathan"]
[Black "Da Paz, Leonardo Gadelha"]
[WhiteFideId "3807185"]
[BlackFideId "2109743"]
[WhiteElo "2511"]
[BlackElo "1847"]
[Result "0-1"]
[Round "1"]
[TimeControl "180+1"]
[Date "2023.08.15"]
[WhiteClock "0:02:37"]
[BlackClock "0:01:29"]
[Board "236"]

1. e4 c5 2. c3 e6 3. d4 d5 4. exd5 exd5 5. Bb5+ Bd7 6. Bxd7+ Qxd7 7. Nf3 Nc6 8. O-O Nf6 9. Re1+ Be7 10. Ne5 Nxe5 11. dxe5 Ne4 12. Nd2 Nxd2 13. Bxd2 O-O 14. Qf3 Rad8 15. Rad1 Qe6 16. h4 Bxh4 17. g3 Be7 18. Kg2 h6 19. Qh5 Qg6 20. Qf3 Qe6 21. Bf4 b5 22. Rh1 d4 23. Rh5 dxc3 24. bxc3 Rxd1 25. Qxd1 Rd8 26. Qe2 Qd5+ 27. Kh2 Qd1 28. Qxd1 Rxd1 29. e6 fxe6 30. Be3 Rd5 31. Rh4 Bxh4 32. gxh4 Kf7 33. Kg3 Kf6 34. Kf4 g5+ 35. hxg5+ hxg5+ 36. Ke4 Re5+ 37. Kd3 c4+ 38. Kd4 Kf5 39. Bc1 Rd5+ 40. Ke3 Rd1 41. Ke2 Rxc1 0-1


[Site "https://www.chess.com"]

[Event "Titled Tuesday Blitz August 15 Early 2023"]
[White "Nihal Sarin"]
[Black "Kleiman, Jake"]
[WhiteFideId "25092340"]
[BlackFideId "2020041"]
[WhiteElo "3150"]
[BlackElo "2630"]
[Result "0-1"]
[Round "2"]
[TimeControl "180+1"]
[Date "2023.08.15"]
[WhiteClock "0:00:04"]
[BlackClock "0:00:02"]
[Board "1"]

1. Nf3 d5 2. b3 Bg4 3. e3 Nd7 4. Bb2 Ngf6 5. h3 Bxf3 6. Qxf3 e6 7. g4 c6 8. d3 Qa5+ 9. c3 Bd6 10. Nd2 Ba3 11. Bxa3 Qxa3 12. Qd1 a5 13. Qc1 Qd6 14. d4 e5 15. Bg2 O-O 16. O-O h6 17. a4 Rae8 18. Qa3 Qc7 19. b4 axb4 20. Qxb4 Ra8 21. Rfb1 Ra7 22. a5 Rfa8 23. Nb3 Ne8 24. c4 exd4 25. exd4 dxc4 26. Qxc4 Ndf6 27. Qb4 Nd6 28. Rc1 Nde4 29. d5 Qf4 30. Qd4 cxd5 31. f3 Qg3 32. fxe4 Qxb3 33. exd5 Rxa5 34. Rxa5 Rxa5 35. d6 Ra8 36. Kh2 Rd8 37. Rd1 b5 38. Rd2 Qc4 39. Qb6 Qf4+ 40. Kh1 Rd7 41. Rd4 Qe5 42. Rd1 h5 43. gxh5 Nxh5 44. Qc6 Nf6 45. Qc8+ Kh7 46. Qc6 g6 47. Rf1 Rxd6 48. Qb7 Kg7 49. Qc7 b4 50. Qb7 Qc3 51. Rb1 Rd2 52. Rf1 b3 53. Rb1 b2 54. Bf1 Rc2 55. Kg1 Qe3+ 56. Kh1 Rc1 57. Qxb2 Qf3+ 58. Kg1 Qxf1+ 59. Kh2 Qg1# 0-1


[Site "https://www.chess.com"]

[Event "Titled Tuesday Blitz August 15 Early 2023"]
[White "Goltsev, Dmitry"]
[Black "Vachier-Lagrave, Maxime"]
[WhiteFideId "24176710"]
[BlackFideId "623539"]
[WhiteElo "2629"]
[BlackElo "3140"]
[Result "1/2-1/2"]
[Round "2"]
[TimeControl "180+1"]
[Date "2023.08.15"]
[WhiteClock "0:00:05"]
[BlackClock "0:00:06"]
[Board "2"]

1. e4 c5 2. Nf3 Nc6 3. d4 cxd4 4. Nxd4 Nf6 5. Nc3 e6 6. Be2 Bb4 7. Qd3 d6 8. O-O O-O 9. Bg5 Ne5 10. Qg3 Bxc3 11. Bxf6 Qxf6 12. Qxc3 Bd7 13. f4 Ng6 14. g3 Rac8 15. Qd2 e5 16. fxe5 Qxe5 17. Bf3 h5 18. c3 h4 19. Qf2 Qg5 20. Kh1 hxg3 21. Qxg3 Qxg3 22. hxg3 Rfd8 23. Rad1 Rc7 24. Kg2 Ne5 25. Be2 Bc6 26. Rf4 Re7 27. Nxc6 bxc6 28. Bd3 g6 29. b3 Kg7 30. Bc2 a5 31. Rf2 Ng4 32. Re2 d5 33. Kf3 Ne5+ 34. Kg2 Nd7 35. Kf3 Nf6 36. exd5 Rxe2 37. Kxe2 Nxd5 38. Rd3 Rh8 39. Rf3 Rh2+ 40. Kd1 Rh1+ 41. Kd2 f5 42. a3 Ra1 43. c4 Nb6 44. Kc3 Rxa3 45. Rd3 Na4+ 46. Kd2 Nc5 47. Re3 Kf6 48. Kc3 Ra1 49. Re8 Rg1 50. Rc8 Rxg3+ 51. Kb2 Ke5 52. Rxc6 Ne6 53. Ra6 Nd4 54. Rxa5+ Kf4 55. Rd5 Ke3 56. Re5+ Kf4 57. Rd5 Ke3 58. Re5+ Kf2 59. Rd5 Rg4 60. b4 Nxc2 61. Rd2+ Ke3 62. Rxc2 Rd4 63. b5 f4 64. b6 Rd8 65. c5 Rb8 66. Kc3 f3 67. Kc4 g5 68. Kb5 g4 69. c6 g3 70. c7 Rf8 71. b7 f2 72. Rc1 g2 73. c8=Q f1=Q+ 74. Kb6 Qf6+ 75. Rc6 Qd4+ 76. Ka6 Rxc8 77. bxc8=Q g1=Q 78. Qe6+ Kf3 79. Qf5+ Ke3 80. Qe6+ Kd2 81. Qa2+ Kd3 82. Qb3+ Ke4 83. Qe6+ Kf4 84. Rc4 Qa1+ 85. Kb7 Qa7+ 86. Kc8 Qa8+ 87. Kc7 Qa5+ 88. Kc8 Qa8+ 89. Kc7 Qa7+ 90. Kc8 Qc5+ 91. Rxc5 Qxc5+ 92. Kd7 Qf5 93. Qxf5+ Kxf5 1/2-1/2


[Site "https://www.chess.com"]

[Event "Titled Tuesday Blitz August 15 Early 2023"]
[White "So, Wesley"]
[Black "Radzhabov, Rodion"]
[WhiteFideId "5202213"]
[BlackFideId "884715"]
[WhiteElo "3134"]
[BlackElo "2629"]
[Result "1-0"]
[Round "2"]
[TimeControl "180+1"]
[Date "2023.08.15"]
[WhiteClock "0:01:21"]
[BlackClock "0:00:01"]
[Board "3"]

1. b3 Nf6 2. Bb2 e6 3. e3 Be7 4. g4 h6 5. Nf3 b6 6. Rg1 Bb7 7. h4 c5 8. g5 hxg5 9. hxg5 Nh5 10. Be2 Nc6 11. Ne5 Nxe5 12. Bxe5 Bxg5 13. Bxh5 Bf6 14. Bxf6 Qxf6 15. Nc3 g6 16. Bg4 Rh2 17. Qe2 b5 18. O-O-O b4 19. Nb1 a5 20. Qb5 Bc6 21. Qxc5 a4 22. Qxb4 axb3 23. axb3 Ra2 24. Qc3 Qxf2 25. Bxe6 fxe6 26. Rxg6 Be4 27. Qc8+ Ke7 28. Rg7+ Kd6 29. Rxd7+ Ke5 30. Qc7+ Kf6 31. Rf7+ 1-0


[Site "https://www.chess.com"]

[Event "Titled Tuesday Blitz August 15 Early 2023"]
[White "Firouzja, Alireza"]
[Black "Omorjan, Dejan"]
[WhiteFideId "12573981"]
[BlackFideId "955345"]
[WhiteElo "3091"]
[BlackElo "2627"]
[Result "1-0"]
[Round "2"]
[TimeControl "180+1"]
[Date "2023.08.15"]
[WhiteClock "0:01:43"]
[BlackClock "0:00:00"]
[Board "4"]

1. e4 c6 2. Nc3 d5 3. Qf3 e6 4. d4 dxe4 5. Nxe4 Nf6 6. Bd3 Nbd7 7. c3 Nxe4 8. Qxe4 c5 9. Nf3 cxd4 10. Qxd4 Nc5 11. Qxd8+ Kxd8 12. Bc2 f6 13. Be3 Ke8 14. O-O-O Bd7 15. Rhe1 Rc8 16. Nd4 Kf7 17. Nf5 Bc6 18. Nd6+ Bxd6 19. Rxd6 b6 20. Bxc5 bxc5 21. Rdxe6 Rc7 22. Bb3 c4 23. Bxc4 Kg6 24. g3 h5 25. Re7 Rhc8 26. Bd3+ Kh6 27. Bf5 Rxe7 28. Rxe7 Rd8 29. Rxa7 Bf3 30. Bc2 h4 31. Re7 h3 32. b4 Ra8 33. a4 Rc8 34. Re3 Bg2 35. b5 g6 36. Kb2 f5 37. Kb3 Rd8 38. Bd3 g5 39. Bxf5 Rd2 40. g4 Rxf2 41. Re7 Bd5+ 42. c4 Rf3+ 43. Kb4 Bg8 44. b6 Rf2 45. b7 Rxh2 46. Kc3 1-0


[Site "https://www.chess.com"]

[Event "Titled Tuesday Blitz August 15 Early 2023"]
[White "Sydoryka, Vladyslav"]
[Black "Sarana, Alexey"]
[WhiteFideId "14145928"]
[BlackFideId "24133795"]
[WhiteElo "2622"]
[BlackElo "3088"]
[Result "0-1"]
[Round "2"]
[TimeControl "180+1"]
[Date "2023.08.15"]
[WhiteClock "0:00:20"]
[BlackClock "0:00:22"]
[Board "5"]

1. c4 e6 2. g3 d5 3. Bg2 Nf6 4. Nf3 c6 5. O-O Nbd7 6. b3 Bd6 7. Bb2 O-O 8. d4 a5 9. a3 b6 10. Nc3 Ba6 11. Nd2 Rc8 12. e4 dxe4 13. Ncxe4 Be7 14. Re1 b5 15. Qc2 bxc4 16. bxc4 Qc7 17. c5 Nxe4 18. Nxe4 Nf6 19. Bc3 Nd5 20. Bd2 Rb8 21. Rab1 h6 22. Nc3 Rxb1 23. Rxb1 Bf6 24. Nxd5 exd5 25. Rb6 Bc4 26. Be3 Ra8 27. Qa4 Bb5 28. Rxb5 cxb5 29. Qxb5 Rb8 30. Qd3 Qc6 31. h4 a4 32. Qf5 Rd8 33. h5 Qb7 34. Bf3 Qb3 35. c6 Qc4 36. Bxh6 Qxc6 37. Bg5 Qe6 38. Qf4 Bxg5 39. Qxg5 Qf6 40. Qd2 Qxf3 0-1


[Site "https://www.chess.com"]

[Event "Titled Tuesday Blitz August 15 Early 2023"]
[White "Bortnyk, Olexandr"]
[Black "Bodnaruk, Anastasia"]
[WhiteFideId "14120828"]
[BlackFideId "4181751"]
[WhiteElo "3081"]
[BlackElo "2622"]
[Result "1-0"]
[Round "2"]
[TimeControl "180+1"]
[Date "2023.08.15"]
[WhiteClock "0:00:56"]
[BlackClock "0:00:00"]
[Board "6"]

1. e4 c5 2. c3 Nf6 3. e5 Nd5 4. d4 cxd4 5. Nf3 Nc6 6. cxd4 d6 7. Bc4 Nb6 8. Bb5 dxe5 9. Nxe5 Bd7 10. Nxd7 Qxd7 11. Nc3 e6 12. O-O Rc8 13. Qg4 h5 14. Qh3 Qxd4 15. Rd1 Qg4 16. Qd3 Be7 17. h3 Qh4 18. Be3 O-O 19. Qe2 g6 20. Bxc6 Rxc6 21. Rd4 Qf6 22. Rad1 e5 23. R4d3 Qf5 24. Bxb6 axb6 25. Rd7 Bc5 26. Rxb7 Bd4 27. Nd5 Re6 28. Ne7+ Rxe7 29. Rxe7 Rc8 30. Rd2 Rc1+ 31. Kh2 Qb1 32. Qf3 Qxa2 33. b3 1-0


[Site "https://www.chess.com"]

[Event "Titled Tuesday Blitz August 15 Early 2023"]
[White "Colas, Joshua"]
[Black "Dubov, Daniil"]
[WhiteFideId "2044447"]
[BlackFideId "24126055"]
[WhiteElo "2613"]
[BlackElo "3070"]
[Result "0-1"]
[Round "2"]
[TimeControl "180+1"]
[Date "2023.08.15"]
[WhiteClock "0:00:01"]
[BlackClock "0:00:22"]
[Board "7"]

1. Nf3 d5 2. d4 Nf6 3. g3 b5 4. Bg2 e6 5. O-O Nbd7 6. a4 b4 7. c4 bxc3 8. Nxc3 Be7 9. Bf4 a6 10. Qc2 Bb7 11. a5 c5 12. dxc5 Nxc5 13. b4 Ncd7 14. b5 axb5 15. Nxb5 O-O 16. Nc7 Rc8 17. Rfb1 e5 18. Rxb7 exf4 19. Nd4 Bd6 20. Ndb5 Nc5 21. Ra7 Bxc7 22. Qxc5 Be5 23. Qa3 fxg3 24. Rd1 gxf2+ 25. Kh1 Ng4 26. h3 Qh4 27. Rd7 Rc3 28. Qxc3 Bxc3 29. Nxc3 Qg3 30. hxg4 Qh4+ 0-1


[Site "https://www.chess.com"]

[Event "Titled Tuesday Blitz August 15 Early 2023"]
[White "Komov, Roman"]
[Black "Grischuk, Alexander"]
[WhiteFideId "24175714"]
[BlackFideId "4126025"]
[WhiteElo "2612"]
[BlackElo "3059"]
[Result "1/2-1/2"]
[Round "2"]
[TimeControl "180+1"]
[Date "2023.08.15"]
[WhiteClock "0:00:31"]
[BlackClock "0:00:26"]
[Board "8"]

1. e4 e6 2. d4 d5 3. e5 c5 4. c3 Nc6 5. Nf3 Bd7 6. Be2 Nge7 7. Na3 Nf5 8. Nc2 cxd4 9. cxd4 Be7 10. O-O O-O 11. Bd3 f6 12. Bxf5 exf5 13. exf6 Bxf6 14. Re1 g5 15. Bd2 f4 16. Ne5 Bf5 17. Bc3 Rc8 18. Nb4 Bxe5 19. Nxc6 Rxc6 20. Rxe5 Re6 21. Rxe6 Bxe6 22. Qe2 Qf6 23. Re1 Bf7 24. Qe7 Qxe7 25. Rxe7 Rb8 26. Kf1 a6 27. Ke2 Re8 28. Rxe8+ Bxe8 29. g3 fxg3 30. fxg3 Kf7 31. Kf3 Kg6 32. h4 gxh4 33. gxh4 Kf5 34. Bd2 Bh5+ 35. Ke3 Kg4 36. Be1 Bg6 37. a3 h5 38. Bf2 a5 39. Be1 a4 40. Bf2 b5 41. Be1 Bc2 42. Bf2 Bb3 43. Be1 Bc4 44. Bf2 Bb3 45. Be1 Bc4 46. Bf2 Bb3 1/2-1/2


[Site "https://www.chess.com"]

[Event "Titled Tuesday Blitz August 15 Early 2023"]
[White "Duda, Jan-Krzysztof"]
[Black "Budrewicz, Krzysztof"]
[WhiteFideId "1170546"]
[BlackFideId "1127950"]
[WhiteElo "3046"]
[BlackElo "2608"]
[Result "1-0"]
[Round "2"]
[TimeControl "180+1"]
[Date "2023.08.15"]
[WhiteClock "0:00:49"]
[BlackClock "0:00:00"]
[Board "9"]

1. b3 d5 2. Bb2 c5 3. e3 a6 4. Nf3 Nc6 5. d4 Bg4 6. dxc5 Nf6 7. a3 e5 8. b4 e4 9. h3 Bh5 10. g4 Bg6 11. Nd4 h5 12. g5 Nd7 13. Nxc6 bxc6 14. h4 Qc7 15. Qd4 Bf5 16. Nd2 Rh7 17. c4 g6 18. cxd5 Bg7 19. Qxg7 Rxg7 20. d6 Qb7 21. Bxg7 a5 22. Rb1 axb4 23. axb4 Ra2 24. Bc4 Ra4 25. Bc3 Ra3 26. Bd4 Ra4 27. b5 Rxc4 28. Nxc4 cxb5 29. O-O Qd5 30. Nb6 Qe6 31. Nxd7 Qxd7 32. Kh2 Bh3 33. Rg1 Qf5 34. c6 Bg4 35. d7+ Ke7 36. Bf6+ Ke6 37. d8=Q Qxf2+ 38. Rg2 Qxh4+ 39. Kg1 1-0


[Site "https://www.chess.com"]

[Event "Titled Tuesday Blitz August 15 Early 2023"]
[White "Bilan, Danila"]
[Black "Indjic, Aleksandar"]
[WhiteFideId "24161918"]
[BlackFideId "911925"]
[WhiteElo "2606"]
[BlackElo "3030"]
[Result "0-1"]
[Round "2"]
[TimeControl "180+1"]
[Date "2023.08.15"]
[WhiteClock "0:00:01"]
[BlackClock "0:01:33"]
[Board "10"]

1. d4 Nf6 2. Nf3 e6 3. Bg5 h6 4. Bh4 d6 5. e3 Nbd7 6. Nbd2 b6 7. Bd3 g5 8. Bg3 Nh5 9. c3 Bb7 10. a4 a6 11. e4 Bg7 12. Nf1 Qe7 13. Ne3 Nxg3 14. hxg3 h5 15. g4 hxg4 16. Rxh8+ Bxh8 17. Nxg4 f5 18. exf5 exf5+ 19. Ne3 f4 20. Ne5 Nxe5 21. Nf5 Nxd3+ 22. Kf1 Qe1+ 23. Qxe1+ Nxe1 24. Rxe1+ Kf8 25. f3 Re8 0-1


[Site "https://www.chess.com"]

[Event "Titled Tuesday Blitz August 15 Early 2023"]
[White "Aronian, Levon"]
[Black "HamedWafa4"]
[WhiteFideId "13300474"]
[WhiteElo "3027"]
[BlackElo "2606"]
[Result "1-0"]
[Round "2"]
[TimeControl "180+1"]
[Date "2023.08.15"]
[WhiteClock "0:01:37"]
[BlackClock "0:00:03"]
[Board "11"]

1. e4 e5 2. Nf3 Nc6 3. Bb5 a6 4. Ba4 Nf6 5. d3 d6 6. c3 g6 7. O-O Bg7 8. h3 O-O 9. Be3 b5 10. Bb3 Na5 11. Bc2 c5 12. Nbd2 h6 13. a3 Re8 14. b4 Nb7 15. Re1 Be6 16. d4 exd4 17. cxd4 c4 18. d5 Bc8 19. Bd4 Nd7 20. a4 Rb8 21. axb5 axb5 22. Ra3 Ne5 23. Nxe5 Bxe5 24. Nf3 Bxd4 25. Qxd4 Bd7 26. Rea1 Qe7 27. Ra7 Rec8 28. R1a6 Be8 29. Qc3 f6 30. Nd4 Qd8 31. Nc6 1-0


[Site "https://www.chess.com"]

[Event "Titled Tuesday Blitz August 15 Early 2023"]
[White "Papayan, Oleg"]
[Black "Deac, Bogdan-Daniel"]
[WhiteFideId "4193911"]
[BlackFideId "1226380"]
[WhiteElo "2606"]
[BlackElo "3019"]
[Result "0-1"]
[Round "2"]
[TimeControl "180+1"]
[Date "2023.08.15"]
[WhiteClock "0:00:15"]
[BlackClock "0:00:17"]
[Board "12"]

1. e4 Nf6 2. e5 Nd5 3. c4 Nb6 4. d4 d6 5. f4 g6 6. Nc3 Bg7 7. Be3 O-O 8. Qd2 dxe5 9. dxe5 Qxd2+ 10. Bxd2 Na6 11. O-O-O Be6 12. b3 Rad8 13. Nf3 f6 14. Be2 fxe5 15. Nxe5 Nd7 16. Nxd7 Rxd7 17. Ne4 Bf5 18. Bf3 c6 19. Rhe1 Rfd8 20. g4 Bxe4 21. Bxe4 Nc5 22. Bc2 Bb2+ 23. Kxb2 Rxd2 24. Rxd2 Rxd2 25. Rxe7 Rxh2 26. Kc3 Kf8 27. Rc7 a5 28. f5 gxf5 29. Bxf5 h5 30. gxh5 Rxh5 31. Bc2 Rg5 32. Rh7 Ke8 33. Kd4 Kd8 34. a3 Kc8 35. b4 axb4 36. axb4 Ne6+ 37. Kc3 Rg3+ 38. Kb2 Nd4 39. Rh4 Nf3 40. Bf5+ Kb8 41. Rh8+ Ka7 42. Rh3 Rg2+ 43. Kc3 Ne5 44. Be4 Rg4 45. Re3 Rf4 46. Kd4 Nd7 47. Kc3 Nf6 48. Bd3 Nh5 49. b5 cxb5 50. cxb5 Nf6 51. Re5 Kb6 52. Re6+ Kc5 53. Re5+ Nd5+ 54. Kd2 Kd4 55. Rh5 Rf2+ 56. Be2 Rxe2+ 57. Kxe2 Nf4+ 58. Kd2 Nxh5 59. Kc2 Kc5 60. Kb3 Kxb5 61. Ka3 b6 62. Ka2 Kc5 63. Kb3 b5 64. Kb2 Nf6 65. Ka2 Nd5 66. Ka3 Kc4 67. Kb2 b4 68. Ka2 b3+ 69. Kb1 Kb4 70. Ka1 Kc3 71. Kb1 b2 72. Ka2 Kc2 73. Ka3 b1=Q 74. Ka4 Qb4# 0-1


[Site "https://www.chess.com"]

[Event "Titled Tuesday Blitz August 15 Early 2023"]
[White "Shimanov, Aleksandr"]
[Black "Golubev, Mikhail"]
[WhiteFideId "4198603"]
[BlackFideId "14100983"]
[WhiteElo "3014"]
[BlackElo "2604"]
[Result "1-0"]
[Round "2"]
[TimeControl "180+1"]
[Date "2023.08.15"]
[WhiteClock "0:00:04"]
[BlackClock "0:00:00"]
[Board "13"]

1. d4 Nf6 2. Bg5 Ne4 3. Bh4 c5 4. f3 g5 5. fxe4 gxh4 6. e3 Bh6 7. Bc4 e6 8. Nf3 Bxe3 9. c3 cxd4 10. cxd4 d5 11. exd5 exd5 12. Qe2 Qe7 13. Nc3 dxc4 14. Nd5 Bf2+ 15. Kxf2 Qxe2+ 16. Kxe2 Na6 17. Nxh4 Bg4+ 18. Ke3 O-O-O 19. Nf6 Nb4 20. Rac1 Nd5+ 21. Nxd5 Rxd5 22. Rxc4+ Kd8 23. Nf3 Re8+ 24. Kf2 Re4 25. Rhc1 Bxf3 26. Kxf3 Rexd4 27. Rc8+ Ke7 28. R8c7+ Rd7 29. Rxd7+ Rxd7 30. Ke3 Kf6 31. Rc4 h5 32. Rc5 Kg6 33. a4 Re7+ 34. Kd3 f6 35. b4 h4 36. Rc4 Kg5 37. h3 f5 38. b5 b6 39. Rd4 f4 40. Rd5+ Kg6 41. Rd6+ Kg5 42. Rd5+ Kg6 43. Kc4 Rc7+ 44. Kb4 Kf6 45. Rh5 Rc2 46. Rxh4 Ke5 47. Rh5+ Ke4 48. Rg5 Rb2+ 49. Kc3 Ra2 50. Kb3 Rd2 51. h4 Rd3+ 52. Kc4 Ra3 53. Kb4 Rd3 54. h5 Rd8 55. h6 Rh8 56. Rh5 Ke3 57. Rh4 Rh7 58. Kc4 Rc7+ 59. Kd5 Rc5+ 60. Kd6 1-0


[Site "https://www.chess.com"]

[Event "Titled Tuesday Blitz August 15 Early 2023"]
[White "Korobov, Anton"]
[Black "Sadykov, Ramil"]
[WhiteFideId "14105730"]
[BlackFideId "24113590"]
[WhiteElo "3009"]
[BlackElo "2604"]
[Result "1-0"]
[Round "2"]
[TimeControl "180+1"]
[Date "2023.08.15"]
[WhiteClock "0:01:24"]
[BlackClock "0:00:10"]
[Board "14"]

1. d4 d5 2. Nf3 Nf6 3. c4 e6 4. Nc3 Be7 5. Bf4 O-O 6. e3 a6 7. c5 b6 8. cxb6 cxb6 9. Rc1 Bb7 10. Bd3 Nc6 11. h3 b5 12. O-O Rc8 13. a4 b4 14. Nb1 Ne4 15. Nbd2 f5 16. Nb3 Na5 17. Rxc8 Bxc8 18. Bxe4 dxe4 19. Ne5 Bb7 20. Nc5 Bd5 21. Nxa6 Bb3 22. Qe2 Bxa4 23. Ra1 Qe8 24. Nc7 Qc8 25. Rxa4 Qxc7 26. Qa6 Bd8 27. Qxe6+ Kh8 28. Rxa5 Qc1+ 29. Kh2 g5 30. Nf7+ Rxf7 31. Qxf7 1-0


[Site "https://www.chess.com"]

[Event "Titled Tuesday Blitz August 15 Early 2023"]
[White "SmirnovAlexandrA"]
[Black "Andreikin, Dmitry"]
[BlackFideId "4158814"]
[WhiteElo "2603"]
[BlackElo "3008"]
[Result "1/2-1/2"]
[Round "2"]
[TimeControl "180+1"]
[Date "2023.08.15"]
[WhiteClock "0:00:06"]
[BlackClock "0:00:05"]
[Board "15"]

1. e4 c5 2. Nf3 e6 3. g3 Nc6 4. Bg2 Nge7 5. d4 cxd4 6. Nxd4 Nxd4 7. Qxd4 Nc6 8. Qd3 Bc5 9. O-O O-O 10. Nc3 Ne5 11. Qe2 b6 12. a3 a5 13. Rd1 Ba6 14. Nb5 f5 15. exf5 Rxf5 16. Bf4 Ng6 17. Qe4 Nxf4 18. gxf4 Rc8 19. Nd6 Bxd6 20. Rxd6 Rc4 21. Qxe6+ dxe6 22. Rxd8+ Kf7 23. Rad1 Rcxf4 24. R1d2 Rg5 25. Kh1 Bc4 26. b3 Re5 27. Rd1 Be2 28. Re1 Rxf2 29. Rd2 Rxg2 30. Kxg2 Rg5+ 31. Kf2 Bg4 32. Rd7+ Kf6 33. Rb7 Bf5 34. Rxb6 Rh5 35. Kg1 Rg5+ 36. Kf2 Rh5 37. Kg3 Rg5+ 38. Kf2 1/2-1/2


[Site "https://www.chess.com"]

[Event "Titled Tuesday Blitz August 15 Early 2023"]
[White "Martinez Alcantara, Jose Eduardo"]
[Black "Mendez Fortes, Eduardo Jesus"]
[WhiteFideId "3805662"]
[BlackFideId "3502376"]
[WhiteElo "3007"]
[BlackElo "2602"]
[Result "1-0"]
[Round "2"]
[TimeControl "180+1"]
[Date "2023.08.15"]
[WhiteClock "0:01:26"]
[BlackClock "0:00:14"]
[Board "16"]

1. e4 c5 2. Nf3 d6 3. c3 Nf6 4. h3 Nc6 5. Bd3 g6 6. Bc2 Bg7 7. O-O O-O 8. d4 e6 9. dxc5 dxc5 10. Qe2 Qc7 11. Nbd2 Nh5 12. g3 b5 13. Re1 c4 14. a4 Ba6 15. axb5 Bxb5 16. e5 Rad8 17. Qe3 f5 18. exf6 Rxf6 19. Ne4 Rff8 20. Neg5 Rde8 21. Qe2 e5 22. Ne4 Ne7 23. Be3 a6 24. Bc5 Nf6 25. Bxe7 Rxe7 26. Nfg5 Bd7 27. Rxa6 Bxh3 28. Nxh3 1-0


[Site "https://www.chess.com"]